 Dungeon Crawl Stone Soup version 0.23.2 (webtiles) character file.

Game seed: 16799218619896617425

334 ward999 the Skirmisher (level 6, -4/66 HPs)
             Began as an Ogre Berserker on Apr 5, 2019.
             Was a Believer of Trog.
             Slain by an ogre
             ... wielding a +0 giant club
              (28 damage)
             ... on level 5 of the Dungeon.
             The game lasted 00:11:15 (2688 turns).

ward999 the Skirmisher (Ogre Berserker)             Turns: 2688, Time: 00:11:17

Health: -4/66      AC:  3    Str: 21    XL:     6   Next: 53%
Magic:  6/6        EV: 10    Int:  8    God:    Trog [**....]
Gold:   16         SH:  0    Dex:  7    Spells: 5/5 levels left

rFire    . . .     SeeInvis .   r - +2 hand axe (venom)
rCold    + . .     Gourm    .   (no shield)
rNeg     . . .     Faith    .   l - +0 robe
rPois    .         Spirit   .   (helmet restricted)
rElec    .         Reflect  .   (no cloak)
rCorr    .         Harm     .   (gloves unavailable)
MR       .....                  (boots unavailable)
Stlth    +.........             (no amulet)
HPRegen  0.21/turn              (no ring)
MPRegen  0.10/turn              (no ring)

@: no status effects
A: large, unfitting armour, clumsy 1, cold resistance 1, tough skin 1, weak 1
a: Berserk, Trog's Hand, Renounce Religion


You were on level 5 of the Dungeon.
You worshipped Trog.
Trog was pleased with you.
You were hungry.

You visited 1 branch of the dungeon, and saw 5 of its levels.

You collected 66 gold pieces.
You spent 50 gold pieces at shops.

Inventory:

Hand Weapons
 a - a +0 falchion
 h - a +0 short sword
 r - a +2 hand axe of venom (weapon)
Missiles
 e - 58 stones (quivered)
Armour
 b - a +0 animal skin
 f - a +0 leather armour
 g - a +0 centaur barding
 j - a +0 cloak
 l - a +0 robe (worn)
 m - a +0 leather armour
Jewellery
 q - an uncursed ring of protection from fire {unknown}
Wands
 p - a wand of iceblast (8)
Scrolls
 i - a scroll of identify
 k - a scroll of fog
 o - a scroll of immolation {unknown}
Potions
 d - 3 potions of might
 n - 2 potions of mutation
Comestibles
 c - 5 rations


   Skills:
 + Level 5.5 Fighting
 + Level 4.7 Long Blades
 + Level 0.1 Axes
 + Level 4.0 Dodging
 + Level 1.1 Stealth


You had 5 spell levels left.
You didn't know any spells.
Your spell library contained the following spells:

 Spells                   Type           Power        Failure   Level  Hunger
 Animate Skeleton         Necr           N/A          41%         1    ##.....
 Apportation              Tloc           #.....       41%         1    ##.....
 Confusing Touch          Hex            #.....       41%         1    ##.....
 Summon Small Mammal      Summ           #...         41%         1    ##.....


Dungeon Overview and Level Annotations

Branches:
Dungeon (5/15)
 Temple: D:4-7

Altars:
Hepliaklqana
Kikubaaqudgha
Okawaru
Xom
Zin

Shops:
D:5 %?


Innate Abilities, Weirdness & Mutations

You are too large for most types of armour.
You have tough skin. (AC +1)
You are clumsy. (Dex -2)
Your flesh is cold resistant. (rC+)
You are weak. (Str -2)


Message History

There is an escape hatch in the floor here.
An ogre comes into view. It is wielding a +0 giant club.
The ogre shouts!
You see here 14 gold pieces.
The ogre closely misses you.
You barely miss the ogre. The ogre misses you.
You barely miss the ogre. The ogre barely misses you.
You hit the ogre.
The ogre is poisoned.
The ogre is lightly wounded.
The ogre hits you with a +0 giant club!!
You hit the ogre.
The ogre looks as sick as possible!
The ogre is moderately wounded.
The ogre barely misses you.
You slash the ogre!
The ogre looks as sick as possible!
The ogre is severely wounded.
The ogre hits you with a +0 giant club!!
You barely miss the ogre.
The ogre is severely wounded.
The ogre hits you with a +0 giant club!!
You die...

##### ### ### +#
#....##.##..##.#
...............#
..........∩....#
...............+
..................#
..........$@O....# .
..........##....## .♣.
........># ....# ....
#..##...# .......
....###..####'##.......
..[....................
....................[..
...........>...........
..###...##...##....#


You could see an ogre.

Vanquished Creatures
  An ogre (D:4)
  2 scorpions (D:4)
  A crimson imp (D:5)
  2 orc wizards (D:4)
  A gnoll (D:1)
  An adder (D:4)
  2 oozes
  2 worms
  A dart slug (D:1)
  A leopard gecko (D:4)
  2 orcs (D:4)
  A giant cockroach (D:4)
  7 goblins
  3 hobgoblins
  A quokka (D:3)
  2 bats
  A frilled lizard (D:1)
  A jackal skeleton (D:4)
  4 kobolds
  A rat (D:3)
37 creatures vanquished.

Notes
Turn   | Place    | Note
-------+----------+-------------------------------------------
     0 | D:1      | ward999 the Ogre Berserker began the quest for the Orb.
     0 | D:1      | Reached XP level 1. HP: 24/24 MP: 1/1
   404 | D:1      | Reached XP level 2. HP: 28/32 MP: 2/2
   786 | D:2      | Reached XP level 3. HP: 40/40 MP: 3/3
  1276 | D:3      | Found a hazy altar of Hepliaklqana.
  1292 | D:3      | Found an iron altar of Okawaru.
  1613 | D:3      | Found a shimmering altar of Xom.
  1745 | D:4      | Noticed an ogre
  1752 | D:4      | Reached XP level 4. HP: 24/49 MP: 4/4
  1758 | D:4      | Reached ** piety under Trog
  1765 | D:4      | Killed an ogre
  1765 | D:4      | Reached skill level 5 in Fighting
  1765 | D:4      | Reached XP level 5. HP: 16/57 MP: 5/5
  2159 | D:4      | Reached skill level 1 in Stealth
  2159 | D:4      | Reached XP level 6. HP: 29/66 MP: 6/6
  2162 | D:4      | Gained mutation: You are clumsy. (Dex -2) [potion of
                  | mutation]
  2162 | D:4      | Gained mutation: You are weak. (Str -2) [potion of
                  | mutation]
  2162 | D:4      | Gained mutation: Your flesh is cold resistant. (rC+)
                  | [potion of mutation]
  2570 | D:4      | Found an ancient bone altar of Kikubaaqudgha.
  2575 | D:4      | Found a glowing silver altar of Zin.
  2619 | D:5      | Entered Level 5 of the Dungeon
  2641 | D:5      | Found Naoqow's Food Shoppe.
  2669 | D:5      | Bought a ration for 50 gold pieces
  2678 | D:5      | Found Notoesk's Magic Scroll Emporium.
  2688 | D:5      | Slain by an ogre

Skill      XL: |  1  2  3  4  5  6 |
---------------+-------------------+-----
Long Blades    | 3 4 |  4.7
Dodging        | 3 4 |  4.0
Fighting       | 5 |  5.5
Stealth        | 1 |  1.1
Axes           | |  0.1

Action                   |  1- 3 |  4- 6 || total
-------------------------+-------+-------++-------
Melee: Falchion          |    72 |    41 ||   113
       Hand axe          |       |    16 ||    16
Invok: Berserk           |       |     1 ||     1
  Use: Scroll            |     1 |     1 ||     2
       Potion            |       |     3 ||     3
  Eat: Ration            |     1 |       ||     1
       Chunk             |       |     2 ||     2
Armor: Animal skin       |     9 |       ||     9
       Robe              |     2 |    10 ||    12
Dodge: Dodged            |    54 |    35 ||    89
       Rpst.: Falchion   |    19 |     9 ||    28
